TOP OF THE 1ST |
Mississippi State University Bulldogs batting - Pitching for University of Minnesota Golden Gophers : RHP Matt Jones
|
Pitching: RHP Matt Jones
|
|
Batting: RHB George Wagner
|
0-0: Ball 1-0: Foul Ball, location: 2F 1-1: Fly out, F8 (Line Drive, 8LD, EV 102.5 MPH)
|
Batting: RHB Michael Diez
|
0-0: Foul Ball, location: 2F 0-1: Fly out, F8 (Line Drive, 8RD, EV 93.1 MPH)
|
Batting: LHB Dusty Bryant
|
0-0: Called Strike 0-1: Called Strike 0-2: Ball 1-2: SINGLE (Groundball, 34D, EV 109.4 MPH)
|
Batting: RHB Jason Barnes
|
0-0: Ball 1-0: Called Strike 1-1: Ball 2-1: Fly out, F9 (Flyball, 89D, EV 93.1 MPH)
|
Top of the 1st over - 0 runs, 1 hit, 0 errors, 1 left on base; Mississippi State University 0 - University of Minnesota 0 |
BOTTOM OF THE 1ST |
University of Minnesota Golden Gophers batting - Pitching for Mississippi State University Bulldogs : RHP Ryan Zart
|
Pitching: RHP Ryan Zart
|
|
Batting: LHB Yomas Rodriguez
|
0-0: Called Strike 0-1: SINGLE (Groundball, P, EV 78.8 MPH) (infield hit)
|
Batting: RHB Fernando Sosa
|
0-0: Ball 1-0: Ball Yomas Rodriguez steals 2nd base 2-0: Called Strike 2-1: Ball 3-1: SINGLE (Groundball, 6D, EV 106.3 MPH) Yomas Rodriguez to third
|
Batting: LHB Shohei Nishi
|
0-0: Ball 1-0: Called Strike Fernando Sosa steals 2nd base 1-1: Fly out, F8 (Flyball, 89D, EV 88.8 MPH) Runner from 3rd tags up, OUT at HOME! 8-2 Fernando Sosa to third
|
Batting: LHB Dean Bloemendal
|
0-0: Called Strike 0-1: Foul Ball, location: 2F 0-2: Ball 1-2: 2-RUN HOME RUN (Flyball, 7D, EV 100.0 MPH), Distance : 379 ft
|
Batting: RHB Alex Cardenas
|
0-0: Foul Ball, location: 2F 0-1: Ground out 4-3 (Groundball, 4, EV 101.3 MPH)
|
Bottom of the 1st over - 2 runs, 3 hits, 0 errors, 0 left on base; Mississippi State University 0 - University of Minnesota 2 |
TOP OF THE 2ND |
Mississippi State University Bulldogs batting - Pitching for University of Minnesota Golden Gophers : RHP Matt Jones
|
Batting: RHB Xiao-shuang Au
|
0-0: Ground out 4-3 (Groundball, 4M, EV 105.6 MPH)
|
Batting: RHB Aidan Joseph
|
0-0: Swinging Strike 0-1: Foul Ball, location: 2F 0-2: Strikes out swinging
|
Batting: RHB Bo Mar
|
0-0: Called Strike 0-1: Ball 1-1: Ball 2-1: Fly out, F9 (Flyball, 9, EV 93.8 MPH)
|
Top of the 2nd over - 0 runs, 0 hits, 0 errors, 0 left on base; Mississippi State University 0 - University of Minnesota 2 |
BOTTOM OF THE 2ND |
University of Minnesota Golden Gophers batting - Pitching for Mississippi State University Bulldogs : RHP Ryan Zart
|
Batting: RHB Rory Cobb
|
0-0: Fly out, F9 (Flyball, 9, EV 97.5 MPH)
|
Batting: RHB Curtis Montgomery
|
0-0: Ball 1-0: Foul Ball, location: 2F 1-1: SINGLE (Groundball, 34D, EV 101.3 MPH)
|
Batting: RHB Doug Gagliardi
|
0-0: Called Strike 0-1: SINGLE (Groundball, 56, EV 106.9 MPH) Curtis Montgomery to second
|
Batting: RHB Zach Nush
|
0-0: Ball 1-0: Called Strike 1-1: Fly out, F6 (Line Drive, 6, EV 73.8 MPH)
|
Batting: LHB Yomas Rodriguez
|
0-0: Ball 1-0: Ball 2-0: Called Strike 2-1: Swinging Strike 2-2: Foul Ball, location: 2F 2-2: Foul Ball, location: 2F 2-2: Strikes out swinging
|
Bottom of the 2nd over - 0 runs, 2 hits, 0 errors, 2 left on base; Mississippi State University 0 - University of Minnesota 2 |
TOP OF THE 3RD |
Mississippi State University Bulldogs batting - Pitching for University of Minnesota Golden Gophers : RHP Matt Jones
|
Batting: RHB Francisco de la Torre
|
0-0: Ball 1-0: Ball 2-0: Called Strike 2-1: Ball 3-1: Base on Balls
|
Batting: LHB Afanasy Zasekin
|
0-0: Called Strike Francisco de la Torre steals 2nd base 0-1: Ground out U3 (Groundball, 34S, EV 82.5 MPH) Francisco de la Torre to third
|
Batting: RHB George Wagner
|
0-0: Fly out, F3 (Flyball, 3D, EV 91.9 MPH)
|
Batting: RHB Michael Diez
|
0-0: Swinging Strike 0-1: Foul Ball, location: 2F 0-2: Ball 1-2: Foul Ball, location: 2F 1-2: Foul Ball, location: 2F 1-2: Foul Ball, location: 2F 1-2: Ball 2-2: Ball 3-2: Ground out 4-3 (Groundball, 4, EV 105.0 MPH)
|
Top of the 3rd over - 0 runs, 0 hits, 0 errors, 1 left on base; Mississippi State University 0 - University of Minnesota 2 |
BOTTOM OF THE 3RD |
University of Minnesota Golden Gophers batting - Pitching for Mississippi State University Bulldogs : RHP Ryan Zart
|
Batting: RHB Fernando Sosa
|
0-0: Foul Ball, location: 2F 0-1: Bunted foul 0-2: Ground out 5-3 (Groundball, 56, EV 86.3 MPH)
|
Batting: LHB Shohei Nishi
|
0-0: Called Strike 0-1: Ground out 4-3 (Groundball, 4, EV 89.4 MPH)
|
Batting: LHB Dean Bloemendal
|
0-0: Ball 1-0: TRIPLE (Flyball, 89XD, EV 113.8 MPH)
|
Batting: RHB Alex Cardenas
|
0-0: Called Strike 0-1: Ball 1-1: Foul Ball, location: 2F 1-2: Fly out, F7 (Flyball, 7S, EV 81.3 MPH)
|
Bottom of the 3rd over - 0 runs, 1 hit, 0 errors, 1 left on base; Mississippi State University 0 - University of Minnesota 2 |
TOP OF THE 4TH |
Mississippi State University Bulldogs batting - Pitching for University of Minnesota Golden Gophers : RHP Matt Jones
|
Batting: LHB Dusty Bryant
|
0-0: Ball 1-0: Swinging Strike 1-1: Ball 2-1: Fly out, F8 (Flyball, 8RD, EV 104.4 MPH)
|
Batting: RHB Jason Barnes
|
0-0: SINGLE (Line Drive, 9LM, EV 99.4 MPH)
|
Batting: RHB Xiao-shuang Au
|
0-0: Grounds into double play, 6-4-3 (Groundball, 6, EV 88.8 MPH)
|
Top of the 4th over - 0 runs, 1 hit, 0 errors, 0 left on base; Mississippi State University 0 - University of Minnesota 2 |
BOTTOM OF THE 4TH |
University of Minnesota Golden Gophers batting - Pitching for Mississippi State University Bulldogs : RHP Ryan Zart
|
Batting: RHB Rory Cobb
|
0-0: Ball 1-0: SINGLE (Flyball, 34D, EV 88.8 MPH)
|
Batting: RHB Curtis Montgomery
|
0-0: Grounds into double play, 4-6-3 (Groundball, 4, EV 98.8 MPH)
|
Batting: RHB Doug Gagliardi
|
0-0: Ball 1-0: Called Strike 1-1: Ball 2-1: Foul Ball, location: 2F 2-2: TRIPLE (Flyball, 89XD, EV 99.4 MPH)
|
Batting: RHB Zach Nush
|
0-0: Ball 1-0: Foul Ball, location: 2F 1-1: Ball 2-1: Ball 3-1: Base on Balls
|
Batting: LHB Yomas Rodriguez
|
0-0: Called Strike 0-1: Fielders Choice at 2nd, 5-4 (Groundball, 56, EV 83.1 MPH)
|
Bottom of the 4th over - 0 runs, 2 hits, 0 errors, 2 left on base; Mississippi State University 0 - University of Minnesota 2 |
TOP OF THE 5TH |
Mississippi State University Bulldogs batting - Pitching for University of Minnesota Golden Gophers : RHP Matt Jones
|
Batting: RHB Aidan Joseph
|
0-0: Ground out 1-3 (Groundball, 13S, EV 65.6 MPH)
|
Batting: RHB Bo Mar
|
0-0: Ball 1-0: Ball 2-0: Ball 3-0: Called Strike 3-1: Called Strike 3-2: Foul Ball, location: 2F 3-2: Foul Ball, location: 2F 3-2: Base on Balls
|
Batting: RHB Francisco de la Torre
|
0-0: Ball 1-0: Called Strike Bo Mar steals 2nd base (no throw) 1-1: Ball 2-1: Called Strike 2-2: Foul Ball, location: 2F 2-2: Foul Ball, location: 2F 2-2: Ball 3-2: Strikes out swinging
|
Batting: LHB Afanasy Zasekin
|
0-0: Ground out 4-3 (Groundball, 34D, EV 85.6 MPH)
|
Top of the 5th over - 0 runs, 0 hits, 0 errors, 1 left on base; Mississippi State University 0 - University of Minnesota 2 |
BOTTOM OF THE 5TH |
University of Minnesota Golden Gophers batting - Pitching for Mississippi State University Bulldogs : RHP Ryan Zart
|
Batting: RHB Fernando Sosa
|
0-0: Called Strike 0-1: Foul Ball, location: 2F 0-2: Ball 1-2: Ball 2-2: Ground out 6-3 (Groundball, 6, EV 84.4 MPH)
|
Batting: LHB Shohei Nishi
|
0-0: Ball 1-0: DOUBLE (Line Drive, 9D, EV 88.8 MPH)
|
Batting: LHB Dean Bloemendal
|
0-0: Swinging Strike 0-1: Ball Passed Ball! Shohei Nishi to third 1-1: Swinging Strike 1-2: Ball 2-2: DOUBLE (Flyball, 89XD, EV 107.5 MPH) Shohei Nishi scores
|
Batting: RHB Alex Cardenas
|
0-0: Ball 1-0: SINGLE (Groundball, 34D, EV 103.1 MPH) Dean Bloemendal to third
|
Batting: RHB Rory Cobb
|
0-0: Ball 1-0: Ball 2-0: Called Strike 2-1: Ball 3-1: Ground out 5-3 (Groundball, 5S, EV 65.0 MPH) Alex Cardenas to second
|
Pitching: RHP Mike Embree
|
|
Batting: RHB Curtis Montgomery
|
0-0: Ball 1-0: Called Strike 1-1: Ground out U3 (Groundball, 3, EV 92.5 MPH)
|
Bottom of the 5th over - 1 run, 3 hits, 0 errors, 2 left on base; Mississippi State University 0 - University of Minnesota 3 |
TOP OF THE 6TH |
Mississippi State University Bulldogs batting - Pitching for University of Minnesota Golden Gophers : RHP Matt Jones
|
Batting: RHB George Wagner
|
0-0: Ground out 5-3 (Groundball, 56S, EV 70.6 MPH)
|
Batting: RHB Michael Diez
|
0-0: Ball 1-0: Ground out U3 (Groundball, 3, EV 98.1 MPH)
|
Batting: LHB Dusty Bryant
|
0-0: Ball 1-0: Foul Ball, location: 2F 1-1: Foul Ball, location: 2F 1-2: Ball 2-2: Strikes out swinging
|
Top of the 6th over - 0 runs, 0 hits, 0 errors, 0 left on base; Mississippi State University 0 - University of Minnesota 3 |
BOTTOM OF THE 6TH |
University of Minnesota Golden Gophers batting - Pitching for Mississippi State University Bulldogs : RHP Mike Embree
|
Batting: RHB Doug Gagliardi
|
0-0: Ball 1-0: Fly out, F9 (Flyball, 9, EV 91.3 MPH)
|
Batting: RHB Zach Nush
|
0-0: Ground out 5-3 (Groundball, 56S, EV 86.3 MPH)
|
Batting: LHB Yomas Rodriguez
|
0-0: Ball 1-0: Ball 2-0: Foul Ball, location: 2F 2-1: Ball 3-1: Base on Balls
|
Batting: RHB Fernando Sosa
|
0-0: Called Strike 0-1: Ball 1-1: Ball 2-1: Foul Ball, location: 2F 2-2: Strikes out looking
|
Bottom of the 6th over - 0 runs, 0 hits, 0 errors, 1 left on base; Mississippi State University 0 - University of Minnesota 3 |
TOP OF THE 7TH |
Mississippi State University Bulldogs batting - Pitching for University of Minnesota Golden Gophers : RHP Matt Jones
|
Batting: RHB Jason Barnes
|
0-0: Ball 1-0: Ball 2-0: Called Strike 2-1: Foul Ball, location: 2F 2-2: Strikes out swinging
|
Pitching: RHP Josh Wellman
|
|
Pinch Hitting: SHB Corey Penson
|
0-0: Ball 1-0: Ball 2-0: Ball 3-0: Called Strike 3-1: Foul Ball, location: 2F 3-2: Base on Balls
|
Batting: RHB Aidan Joseph
|
0-0: Foul Ball, location: 2F 0-1: Ball 1-1: Foul Ball, location: 2F 1-2: Fielders Choice at 2nd, 5-4 (Groundball, 5, EV 107.5 MPH)
|
Pinch Hitting: LHB Dave Carlisle
|
0-0: Foul Ball, location: 2F 0-1: Ball 1-1: Ball 2-1: Called Strike 2-2: Strikes out swinging
|
Top of the 7th over - 0 runs, 0 hits, 0 errors, 1 left on base; Mississippi State University 0 - University of Minnesota 3 |
BOTTOM OF THE 7TH |
University of Minnesota Golden Gophers batting - Pitching for Mississippi State University Bulldogs : RHP Mike Embree
|
Now at 2B: Dave Carlisle
|
|
Now in LF: Kazuki Arai
|
|
Batting: LHB Shohei Nishi
|
0-0: DOUBLE (Flyball, 8RXD, EV 106.3 MPH)
|
Batting: LHB Dean Bloemendal
|
0-0: Intentional Walk
|
Batting: RHB Alex Cardenas
|
0-0: Foul Ball, location: 2F 0-1: Swinging Strike 0-2: Ball 1-2: Grounds into double play, 6-4-3 (Groundball, 6, EV 98.8 MPH) Shohei Nishi to third
|
Batting: RHB Rory Cobb
|
0-0: Called Strike 0-1: SINGLE (Groundball, 6M, EV 85.0 MPH) (infield hit) Shohei Nishi scores
|
Batting: RHB Nelson Calderon
|
0-0: Called Strike 0-1: Ball 1-1: Ball 2-1: Single, Error in OF, E8, batter to second base (Groundball, 6D, EV 106.3 MPH) Rory Cobb to third
|
Batting: RHB Doug Gagliardi
|
0-0: Fly out, F8 (Flyball, 8LD, EV 88.1 MPH)
|
Bottom of the 7th over - 1 run, 3 hits, 1 error, 2 left on base; Mississippi State University 0 - University of Minnesota 4 |
TOP OF THE 8TH |
Mississippi State University Bulldogs batting - Pitching for University of Minnesota Golden Gophers : RHP Josh Wellman
|
Pinch Hitting: LHB Rich Matthews
|
0-0: Called Strike 0-1: Ball 1-1: Ball 2-1: Ball 3-1: Fly out, F8 (Line Drive, 8LD, EV 91.9 MPH)
|
Batting: LHB Afanasy Zasekin
|
0-0: Ball 1-0: Foul Ball, location: 2F 1-1: Swinging Strike 1-2: Ball 2-2: Strikes out looking
|
Batting: RHB George Wagner
|
0-0: Called Strike 0-1: Foul Ball, location: 2F 0-2: Ball 1-2: Foul Ball, location: 2F 1-2: Ball 2-2: Foul Ball, location: 2F 2-2: Ball 3-2: Ground out 5-3 (Groundball, 56S, EV 70.6 MPH)
|
Top of the 8th over - 0 runs, 0 hits, 0 errors, 0 left on base; Mississippi State University 0 - University of Minnesota 4 |
BOTTOM OF THE 8TH |
University of Minnesota Golden Gophers batting - Pitching for Mississippi State University Bulldogs : RHP Mike Embree
|
Now at SS: Oscar Bravo
|
|
Batting: RHB Zach Nush
|
0-0: Ball 1-0: Ground out 5-3 (Groundball, 56, EV 89.4 MPH)
|
Batting: LHB Yomas Rodriguez
|
0-0: Called Strike 0-1: Swinging Strike 0-2: Foul Ball, location: 2F 0-2: Foul Ball, location: 2F 0-2: Strikes out swinging
|
Batting: RHB Fernando Sosa
|
0-0: Ball 1-0: TRIPLE (Flyball, 78XD, EV 105.0 MPH)
|
Batting: LHB Shohei Nishi
|
0-0: Ball 1-0: Called Strike 1-1: Called Strike 1-2: Foul Ball, location: 2F 1-2: DOUBLE (Line Drive, 8RD, EV 103.8 MPH) Fernando Sosa scores
|
Batting: LHB Dean Bloemendal
|
0-0: Swinging Strike 0-1: Ball 1-1: Ground out 4-3 (Groundball, 4, EV 85.6 MPH)
|
Bottom of the 8th over - 1 run, 2 hits, 0 errors, 1 left on base; Mississippi State University 0 - University of Minnesota 5 |
TOP OF THE 9TH |
Mississippi State University Bulldogs batting - Pitching for University of Minnesota Golden Gophers : RHP Josh Wellman
|
Batting: RHB Michael Diez
|
0-0: Fly out, F7 (Flyball, 7LM, EV 94.4 MPH)
|
Batting: LHB Dusty Bryant
|
0-0: Called Strike 0-1: SOLO HOME RUN (Flyball, 9D, EV 98.8 MPH), Distance : 400 ft
|
Batting: RHB Jason Barnes
|
0-0: Called Strike 0-1: Foul Ball, location: 2F 0-2: Ground out 1-3 (Groundball, P, EV 63.8 MPH)
|
Batting: RHB Kazuki Arai
|
0-0: SINGLE (Groundball, 6MD, EV 104.4 MPH)
|
Pitching: LHP James Reynolds
|
|
Pinch Hitting: RHB Tony Dopson
|
Pickoff Throw to First - Out! 1-3
|
Top of the 9th over - 1 run, 2 hits, 0 errors, 0 left on base; Mississippi State University 1 - University of Minnesota 5 |
|